 Dungeon Crawl Stone Soup version 0.31-a0-1074-g0b22e4e0f1 (webtiles) character file.

Game seed: 8191899838011990650

1910 Jeffwins the Ruffian (level 8, -5/72 HPs)
             Began as a Troll Shapeshifter on Nov 29, 2023.
             Was a Follower of Okawaru.
             Slain by an ogre
             ... wielding a +0 giant spiked club
              (18 damage)
             ... on level 6 of the Dungeon.
             The game lasted 00:06:49 (4401 turns).

Jeffwins the Ruffian (Troll Shapeshifter)           Turns: 4401, Time: 00:06:49

Health: -5/72      AC:  4    Str: 23    XL:     8   Next: 94%
Magic:  10/10      EV:  9    Int:  8    God:    Okawaru [*.....]
Gold:   214        SH:  0    Dex:  9    Spells: 6/11 levels left

rFire   . .          .
                       - Unarmed
rCold   . . .        (no shield)
rNeg    + . .        a - +0 animal skin
rPois   +            (helmet currently unavailable)
rElec   .            (cloak currently unavailable)
rCorr   .            (gloves unavailable)
SInv    .            (boots unavailable)
Will    .....        j - amulet of magic regeneration
Stlth   +            P - ring of poison resistance
HPRegen 1.12/turn    N - ring of positive energy
MPRegen 0.52/turn

%: no passive effects
@: beast-form, studying Spellcasting
A: beast (slay +2), large, unfitting armour, claws 3, regeneration 1, shaggy fur
1, tough skin 1
a: Begin Untransformation, Renounce Religion, Heroism


You were on level 6 of the Dungeon.
You worshipped Okawaru.
Okawaru was aware of your devotion.
You were a hulking beast.
You visited 2 branches of the dungeon, and saw 7 of its levels.

You collected 214 gold pieces.


Innate Abilities, Weirdness & Mutations

You are a hulking beast.
Your limbs bulge with bestial killing power. (Slay +2)
You are too large for most types of armour.
You have claws for hands.
Your natural rate of healing is unusually fast.
You are covered in fur. (AC +1)
You have tough skin. (AC +1)


   Skills:
 - Level 2.0 Fighting
 + Level 2.3 Throwing
 - Level 1.5 Dodging
 * Level 7.0 Unarmed Combat
 + Level 2.2 Spellcasting
 + Level 1.9 Conjurations
 + Level 2.7 Transmutations
 + Level 1.7 Air Magic
 + Level 1.8 Poison Magic
 + Level 1.6 Invocations
 + Level 1.3 Evocations
 + Level 5.1 Shapeshifting


You had 6 spell levels left.
You knew the following spells:

 Your Spells              Type           Power      Damage    Failure   Level
m - Mephitic Cloud        Conj/Pois/Air  3%         N/A       45%         3
z - Wereblood             Tmut           5%         N/A       17%         2

Your spell library contained the following spells:

 Spells                   Type           Power      Damage    Failure   Level
 Magic Dart               Conj           12%        1d3       16%         1
 Cigotuvi's Dreadful Rot  Necr/Pois/Air  4%         N/A       32%         2
 Sublimation of Blood     Necr           0%         N/A       47%         2
 Stone Arrow              Conj/Erth      4%         3d7       56%         3
 Dispel Undead            Necr           0%         3d6       98%         4
 Lehudib's Crystal Spear  Conj/Erth      1%         10d2      100%        8
 Call Imp                 Summ           Unusable   N/A       N/A         2
 Animate Armour           Summ/Erth      Unusable   N/A       N/A         4
 Death Channel            Necr           Unusable   N/A       N/A         6
 Summon Hydra             Summ           Unusable   N/A       N/A         7

Inventory:

Hand Weapons
 D - a +6 scythe of freezing
Missiles
 o - 14 poisoned darts
 u - 2 javelins
 y - a throwing net {=f}
Armour
 a - a +0 animal skin (worn)
 A - a +2 cloak
 B - a +0 tower shield
Jewellery
 j - an amulet of magic regeneration (around neck)
 N - a ring of positive energy (right claw)
 P - a ring of poison resistance (left claw)
Talismans
 c - a beast talisman
 d - a flux talisman
Wands
 t - a wand of polymorph (4)
 C - a wand of iceblast (17)
 E - a wand of mindburst (9)
Scrolls
 e - 2 scrolls of teleportation {unknown}
 g - a scroll of enchant armour {unknown}
 h - 4 scrolls of identify {unknown}
 i - a scroll of amnesia {unknown}
 m - 2 scrolls of poison {unknown}
 n - a scroll of fear {unknown}
 r - a scroll of enchant weapon {unknown}
 s - a scroll of fog {unknown}
 x - a scroll of revelation {unknown}
Potions
 b - a potion of lignification {!q}
 f - a potion of brilliance {unknown}
 k - a potion of haste {unknown}
 l - 2 potions of magic {unknown}
 p - a potion of might {unknown}
 q - 2 potions of invisibility {unknown}
 v - 2 potions of curing {unknown}
 w - a potion of ambrosia {unknown}
 z - 2 potions of heal wounds {unknown}

Dungeon Overview and Level Annotations

Branches:
Dungeon (6/15)             Temple (1/1) D:5

Altars:
Ashenzari
Cheibriados
Dithmenos
Elyvilon
Fedhas
Gozag
Hepliaklqana
Kikubaaqudgha
Makhleb
Nemelex Xobeh
Okawaru
Ru
Sif Muna
Trog
Uskayaw
Vehumet
Wu Jian
Xom
Yredelemnul
Zin
The Shining One

Annotations:
D:3 1 exclusion

#### #/. #### #.# .
....###.######.# ##
#....$..Oh...# .#
#...#.#.####..... .#
#........O# ##.
.########..#.#.#......#
.......##.#...##......#
.#####.##.##.## .......
.# #.##.##.# #.....# ##
#.##.##.# .....# #
#.##.##.# ##(###


You could see an ogre.


Message History

The ice beast barely misses you.
You scratch the ice beast.
The ice beast is severely wounded.
The ice beast hits you.
* * * LOW HITPOINT WARNING * * *
The ice beast freezes you!
* * * LOW HITPOINT WARNING * * *
Unknown command.
You claw the ice beast!
The ice beast is almost dead.
The ice beast hits you.
* * * LOW HITPOINT WARNING * * *
The ice beast freezes you.
* * * LOW HITPOINT WARNING * * *
Unknown command.
You closely miss the ice beast.
The ice beast is almost dead.
The ice beast barely misses you.
Unknown command.
You barely miss the ice beast.
The ice beast is almost dead.
Unknown command.
You scratch the ice beast.
You kill the ice beast!
Okawaru is honoured by your kill.
Unknown command.
You claw the ogre!
The ogre is heavily wounded.
The ogre hits you with a +0 giant spiked club!!
You die...

Skill      XL: |  1  2  3  4  5  6  7  8 |
---------------+-------------------------+-----
Fighting       | 1 2 |  2.0
Unarmed Combat | 4 5 6 7 |  7.0
Transmutations | 1 2 |  2.7
Shapeshifting  | 4 5 |  5.1
Spellcasting   | 1 2 |  2.2
Throwing       | 1 2 |  2.3
Conjurations   | 1 |  1.9
Poison Magic   | 1 |  1.8
Air Magic      | 1 |  1.7
Invocations    | 1 |  1.6
Evocations     | 1 |  1.3
Dodging        | |  1.5

Action                     |  1- 3 |  4- 6 |  7- 9 || total
---------------------------+-------+-------+-------++-------
  Melee: Unarmed           |   118 |    81 |   163 ||   362
         Punch             |       |     2 |     7 ||     9
   Stab: Sleeping          |     2 |     1 |     1 ||     4
 Armour: Animal skin       |    77 |    91 |    96 ||   264
  Dodge: Dodged            |    53 |    43 |    40 ||   136

Levels and vault maps discovered:
D:1:      lightli_arrival_farm, layout_basic
D:2:      layout_basic
D:3:      layout_basic, mainiacjoe_overflow_surrounded_room,
          mainiacjoe_overflow_catwalk_spiral, ebering_dispersal_statue_hall,
          minmay_statues_item, item_on_display_a
D:4:      minmay_angry_zag, layout_basic, minmay_manual_monstrance,
          uniq_crazy_yiuf_cottage
D:5:      layout_loops_ring, nicolae_uskayaw_suspiria,
          minmay_temple_entry_slanted, uniq_ijyb, uniq_sigmund
D:6:      layout_loops_ring
Temple:   sentei_temple_godly_chess

Notes
Turn   | Place    | Note
-------+----------+-------------------------------------------
     0 | D:1      | Jeffwins the Troll Shapeshifter began the quest for the
                  | Orb.
     0 | D:1      | Reached XP level 1. HP: 18/18 MP: 0/0
   222 | D:1      | Reached skill level 1 in Fighting
   263 | D:1      | Reached XP level 2. HP: 27/27 MP: 1/1
   664 | D:2      | Reached XP level 3. HP: 33/33 MP: 2/2
  1116 | D:2      | Reached skill level 4 in Unarmed Combat
  1442 | D:3      | Found a burning altar of Makhleb.
  1455 | D:3      | Found a broken altar of Ashenzari.
  1583 | D:3      | Reached XP level 4. HP: 41/41 MP: 3/3
  1692 | D:3      | Found a shimmering altar of Xom.
  1741 | D:3      | Learned a level 2 spell: Wereblood
  1788 | D:3      | Noticed a centaur
  1798 | D:3      | Killed a centaur
  1799 | D:3      | Reached XP level 5. HP: 36/49 MP: 4/4
  2100 | D:4      | Noticed a centaur
  2101 | D:4      | Reached skill level 2 in Fighting
  2102 | D:4      | Noticed an acid dragon
  2115 | D:3      | Reached skill level 5 in Unarmed Combat
  2115 | D:3      | Reached skill level 1 in Transmutations
  2216 | D:3      | Reached skill level 4 in Shapeshifting
  2240 | D:3      | Killed a centaur
  2241 | D:3      | Reached XP level 6. HP: 42/57 MP: 5/5
  2311 | D:4      | Killed an acid dragon
  2333 | D:4      | Learned a level 3 spell: Mephitic Cloud
  2412 | D:4      | Reached XP level 7. HP: 40/65 MP: 6/6
  2467 | D:4      | Found a runed translucent door.
  2468 | D:4      | Noticed Crazy Yiuf
  2876 | D:4      | Reached skill level 6 in Unarmed Combat
  2882 | D:4      | Reached skill level 2 in Transmutations
  3136 | D:4      | Killed Crazy Yiuf
  3137 | D:4      | Reached skill level 1 in Spellcasting
  3303 | D:5      | Entered Level 5 of the Dungeon
  3306 | D:5      | Found a staircase to the Ecumenical Temple.
  3346 | D:5      | Reached skill level 1 in Throwing
  3346 | D:5      | Reached skill level 1 in Conjurations
  3346 | D:5      | Reached skill level 1 in Poison Magic
  3353 | Temple   | Entered the Ecumenical Temple
  3364 | Temple   | Became a worshipper of Warmaster Okawaru
  3380 | D:5      | Reached skill level 1 in Air Magic
  3440 | D:5      | Identified the +0 buckler of Jasyawk {rElec rN+ Int+2}
  3481 | D:5      | Reached XP level 8. HP: 64/72 MP: 7/9
  3541 | D:5      | Noticed Sigmund
  3543 | D:5      | Found a hide-covered altar of Uskayaw.
  3584 | D:5      | Noticed Ijyb
  3589 | D:5      | Killed Ijyb
  3625 | D:5      | Killed Sigmund
  3793 | D:5      | Reached skill level 1 in Invocations
  4185 | D:6      | Reached * piety under Okawaru
  4186 | D:6      | Reached skill level 1 in Evocations
  4273 | D:6      | Reached skill level 2 in Spellcasting
  4287 | D:6      | Reached skill level 2 in Throwing
  4287 | D:6      | Reached skill level 5 in Shapeshifting
  4346 | D:6      | Reached skill level 7 in Unarmed Combat
  4401 | D:6      | Slain by an ogre

Vanquished Creatures
  Sigmund (D:5)
  An acid dragon (D:4)
  A water moccasin (D:6)
  2 ice beasts
  A black bear (D:6)
  An orc warrior (D:5)
  An ogre (D:5)
  2 centaurs (D:3)
  A phantom (D:6)
  A kobold brigand (D:3)
  A bullfrog (D:6)
  2 scorpions (D:4)
  An orc priest (D:5)
  A gnoll bouda (D:4)
  4 hounds
  Crazy Yiuf (D:4)
  A sleepcap (D:5)
  Ijyb (D:5)
  3 orc wizards
  An iguana (D:5)
  6 gnolls (D:4)
  5 adders
  A white imp (D:5)
  2 ufetubi (D:6)
  6 worms
  9 orcs
  7 ball pythons
  9 endoplasms
  A giant cockroach (D:1)
  4 hobgoblins
  8 jackals
  7 quokkas
  10 bats
  A frilled lizard (D:1)
  7 goblins
  11 kobolds
  7 rats
129 creatures vanquished.

Table legend: (Time is in decaauts)
 A = Elapsed time spent in this place.
 B = Non-inter-level travel time spent in this place.
 C = Inter-level travel time spent in this place.
 D = Time resting spent in this place.
 E = Time spent auto-exploring this place.
 F = Levels seen in this place.
 G = Mean time per level.
                   A        B        C        D        E       F      G
               +--------+--------+--------+--------+--------+-----+--------+
         Total |   4356 |   4093 |    263 |    118 |   3050 |   7 |  622.3 |
       Dungeon |   4340 |   4080 |    260 |    118 |   3043 |   6 |  723.3 |
        Temple |     15 |     12 |      3 |      0 |      7 |   1 |   15.0 |
               +--------+--------+--------+--------+--------+-----+--------+

Top non-repeatable levels by time:
     D:4: 1011 daAuts
     D:3: 860 daAuts
     D:2: 770 daAuts
     D:5: 714 daAuts
     D:1: 630 daAuts
     D:6: 352 daAuts
  Temple: 15 daAuts

Table legend:
 A = Non-vault XP
 B = Vault XP
 C = Vault XP percentage of total XP
 D = Non-vault monster count
 E = Vault monster count
 F = Vault count percentage of total count
                 A         B        C        D         E       F
            +---------+---------+-------+---------+---------+-------
      Total |    1848 |     881 |  32.3 |     112 |      17 |  13.2
            +---------+---------+-------+---------+---------+-------
        D:1 |      36 |       0 |   0.0 |      23 |       0 |   0.0
        D:2 |      53 |       0 |   0.0 |      27 |       0 |   0.0
        D:3 |     143 |     250 |  63.6 |      16 |       6 |  27.3
        D:4 |     236 |     364 |  60.7 |      18 |       9 |  33.3
        D:5 |     643 |     267 |  29.3 |      13 |       2 |  13.3
        D:6 |     737 |       0 |   0.0 |      15 |       0 |   0.0
            +---------+---------+-------+---------+---------+-------
